 Dungeon Crawl Stone Soup version 0.23.2-1-ga50397a6bc (webtiles) character file.

Game seed: 15918091206506411501

129 Kisielow the Cudgeler (level 5, -1/32 HPs)
             Began as a Gargoyle Fighter on Apr 14, 2019.
             Slain by Grinder (2 damage)
             ... on level 3 of the Dungeon.
             The game lasted 00:04:10 (1930 turns).

Kisielow the Cudgeler (Gargoyle Fighter)            Turns: 1930, Time: 00:04:12

Health: -1/32      AC: 10    Str: 21    XL:     5   Next: 12%
Magic:  14/14      EV:  7    Int:  8    God:
Gold:   32         SH:  9    Dex:  9    Spells: 4/4 levels left

rFire    + . .     SeeInvis .   a - +0 flail
rCold    . . .     Gourm    .   c - +0 shield
rNeg     + . .     Faith    .   b - +0 scale mail
rPois    ∞         Spirit   .   (no helmet)
rElec    +         Reflect  .   (no cloak)
rCorr    .         Harm     .   (no gloves)
MR       .....                  (no boots)
Stlth    ..........             (no amulet)
HPRegen  0.10/turn              j - ring of protection from fire
MPRegen  0.14/turn              k - ring of magical power

@: no status effects
A: negative energy resistance 1, electricity resistance, unbreathing,
petrification resistance, rot immunity, AC +4
a: no special abilities


You were on level 3 of the Dungeon.
You were not hungry.

You visited 1 branch of the dungeon, and saw 3 of its levels.

You collected 32 gold pieces.

Inventory:

Hand Weapons
 a - a +0 flail (weapon)
Armour
 b - a +0 scale mail (worn)
 c - a +0 shield (worn)
Jewellery
 j - a ring of protection from fire (left hand)
 k - a ring of magical power (right hand)
Wands
 g - a wand of paralysis (10)
Scrolls
 e - 2 scrolls of identify {unknown}
 l - 3 scrolls of teleportation {unknown}
 m - a scroll of fear {unknown}
Potions
 d - a potion of might
 h - a potion of invisibility {unknown}
 i - 3 potions of degeneration {unknown}
Comestibles
 f - 5 rations
 n - 3 chunks of flesh


   Skills:
 - Level 3.2 Fighting
 + Level 5.1 Maces & Flails
 - Level 3.2 Armour
 - Level 3.2 Shields


You had 4 spell levels left.
You didn't know any spells.
Your spell library was empty.

Dungeon Overview and Level Annotations

Branches:
Dungeon (3/15)

Altars:
Uskayaw
Wu Jian

Annotations:
D:3 Grinder


Innate Abilities, Weirdness & Mutations

You are resistant to torment.
Your stone body is resilient. (AC +4)
You are immune to poison.
You resist negative energy. (rN+)
You are resistant to electric shocks. (rElec)
You can survive without breathing.
You are immune to petrification.
You are immune to rotting.


Message History

You block the kobold's attack.
Grinder blinks!
You sock the kobold!
You kill the kobold!
Grinder blinks!
Grinder gestures at you. Pain shoots through your body!
Things that are here:
a +0 blowgun; 7 poisoned needles You sock Grinder!
Grinder is moderately wounded.
Grinder hits you.
* * * LOW HITPOINT WARNING * * *
You closely miss Grinder.
Grinder is moderately wounded.
Grinder hits you!
* * * LOW HITPOINT WARNING * * *
Grinder hits you.
* * * LOW HITPOINT WARNING * * *
You writhe in agony.
You die...

.<......+ #..........# ........#
#..........# ........#
###..........# .##'#(###
#.'..........#### ###.#(#
#†#.((....!...... #.#(#
#(#......((...... ###+#(########
#(#....K.........
....(....#...####(#..............
....)..........5@)#..............
...............####..............
...............# ###########....
###+#...#.#....# ....
#...#.#....# .... #...#.#....#
#...#.#....# #...#.......


You could see Grinder.

Vanquished Creatures
  An iguana (D:2)
  2 adders (D:2)
  2 oozes
  4 worms
  A dart slug (D:1)
  2 leopard geckos
  An orc (D:3)
  7 bats
  4 giant cockroaches
  5 hobgoblins
  4 jackals
  9 kobolds
  A quokka (D:2)
  A ball python (D:2)
  3 frilled lizards (D:1)
  8 goblins
  4 rats
  2 bushes (D:1)
61 creatures vanquished.

Notes
Turn   | Place    | Note
-------+----------+-------------------------------------------
     0 | D:1      | Kisielow the Gargoyle Fighter began the quest for the Orb.
     0 | D:1      | Reached XP level 1. HP: 14/14 MP: 1/1
    50 | D:1      | Reached XP level 2. HP: 7/19 MP: 2/2
   447 | D:1      | Reached skill level 3 in Maces & Flails
   550 | D:1      | Reached XP level 3. HP: 15/23 MP: 3/3
  1166 | D:2      | Reached skill level 4 in Maces & Flails
  1195 | D:2      | Found an ornate altar of the Wu Jian Council.
  1260 | D:2      | Reached XP level 4. HP: 24/28 MP: 4/4
  1778 | D:3      | Found a hide-covered altar of Uskayaw.
  1778 | D:3      | Noticed a +0 hand axe
  1778 | D:3      | Noticed a +0 hand axe
  1785 | D:3      | Reached skill level 5 in Maces & Flails
  1785 | D:3      | Reached XP level 5. HP: 32/32 MP: 5/5
  1888 | D:3      | Noticed Grinder
  1930 | D:3      | HP: 1/32 [Grinder (1)]
  1930 | D:3      | Slain by Grinder

Skill      XL: |  1  2  3  4 |
---------------+-------------+-----
Maces & Flails | 3 4 5 |  5.1
Fighting       | |  3.2
Armour         | |  3.2
Shields        | |  3.2

Action                   |  1- 3 |  4- 6 || total
-------------------------+-------+-------++-------
Melee: Flail             |   274 |    74 ||   348
  Eat: Chunk             |     2 |     2 ||     4
Armor: Scale mail        |   118 |    43 ||   161
Dodge: Dodged            |    59 |    28 ||    87
Block: Shield            |   100 |    51 ||   151
